 Dungeon Crawl Stone Soup version 0.21.0-25-ge575cb9 (webtiles) character file.

160634 Goblin1989 the Severer (level 17, -1/123 HPs)
             Began as a Demonspawn Monk on Jan 24, 2018.
             Was a High Priest of Hepliaklqana.
             Slain by a nagaraja
             ... wielding a +0 spear
              (19 damage)
             ... on level 4 of the Snake Pit.
             The game lasted 01:45:09 (31453 turns).

Goblin1989 the Severer (Demonspawn Monk)           Turns: 31453, Time: 01:45:10

Health: -1/123     AC: 31    Str: 19    XL:     17   Next: 18%
Magic:  26/26      EV: 16    Int: 18    God:    Hepliaklqana [*****.]
Gold:   1848       SH:  5    Dex: 20    Spells: 16/16 levels left

rFire    . . .     SeeInvis +   t - +7 executioner's axe of Tender Mercy {freeze, +Inv Int+3}
rCold    + . .     Gourm    .   (shield currently unavailable)
rNeg     + . .     Faith    .   Y - +7 chain mail of Understanding {+Inv rElec SInv}
rPois    +         Spirit   .   F - +1 helmet {Int+3}
rElec    +         Reflect  +   p - +0 cloak {+Inv}
rCorr    .         Harm     .   y - +2 pair of gloves {Dex+3}
MR       +++..                  R - +0 pair of boots (curse)
Stlth    ..........             i - +5 amulet of reflection
HPRegen  0.30/turn              m - ring of protection from magic
MPRegen  0.20/turn              O - ring "Narecsy" {rElec rPois MR+ Str+2, =R}

@: lethally poisoned (-1 -> -9), about to teleport
A: reduced essence, talons 1, molten scales 2, cold resistance 1, icemail,
negative energy resistance 1, spiny 1, freezing cloud immunity
a: Recall Ancestor, Ancestor Identity, Transference, Idealise, Renounce
Religion, Evoke Invisibility


You were on level 4 of the Snake Pit.
You worshipped Hepliaklqana.
Hepliaklqana was extremely pleased with you.
You were not hungry.

You visited 4 branches of the dungeon, and saw 27 of its levels.
You also visited: Labyrinth and Volcano.

You collected 2893 gold pieces.
You spent 1045 gold pieces at shops.

Inventory:

Hand Weapons
 t - the +7 executioner's axe of Tender Mercy (weapon) {freeze, +Inv Int+3}
   (You acquired it on level 2 of the Snake Pit)

   It has been specially enchanted to freeze those struck by it, causing extra
   injury to most foes and up to half again as much damage against particularly
   susceptible opponents.
   It can also slow down cold-blooded creatures.
   It affects your intelligence (+3).
   It lets you turn invisible.
 x - the +9 trident "Efus Xeo" {drain, *Drain Str+4 SInv Stlth+}
   (You found it on level 4 of the Dungeon)

   A truly terrible weapon, it drains the life of those it strikes.
   It affects your strength (+4).
   It lets you see invisible.
   It causes draining when unequipped.
   It makes you more stealthy.
Armour
 p - a +0 cloak of invisibility (worn)
 y - a +2 pair of gloves of dexterity (worn)
 F - a +1 helmet of intelligence (worn)
 R - a cursed +0 pair of boots (worn)
 Y - the +7 chain mail of Understanding (worn) {+Inv rElec SInv}
   (You found it on level 10 of the Dungeon)

   It insulates you from electricity.
   It lets you see invisible.
   It lets you turn invisible.
Jewellery
 a - an uncursed ring of positive energy
 f - an uncursed ring of protection from fire
 i - a +5 amulet of reflection (around neck)
 m - a ring of protection from magic (left hand)
 r - an uncursed amulet of rage {unknown}
 s - the ring "Xenujouza" {Wiz rC+++ Str-4}
   (You found it on level 6 of the Lair of Beasts)

   [ring of wizardry]

   It improves your spell success rate.
   It affects your strength (-4).
   It renders you almost immune to cold.
 O - the ring "Narecsy" (right hand) {rElec rPois MR+ Str+2, =R}
   (You found it on level 7 of the Dungeon)

   [ring of protection from magic]

   It affects your strength (+2).
   It insulates you from electricity.
   It protects you from poison.
   It affects your resistance to hostile enchantments.
Wands
 A - a wand of acid (26)
 I - a wand of iceblast (49)
 Q - a wand of digging (33)
Scrolls
 d - 3 scrolls of random uselessness {unknown}
 n - 4 scrolls of enchant armour
 v - a scroll of brand weapon
 z - 2 scrolls of torment {unknown}
 B - 2 scrolls of blinking
 C - 2 scrolls of fear
 G - 3 scrolls of fog
 H - 16 scrolls of remove curse {@r2}
 J - 2 scrolls of silence
 M - 2 scrolls of magic mapping
 T - 9 scrolls of teleportation {!r, @r3}
 W - 4 scrolls of enchant weapon {unknown}
 X - 2 scrolls of vulnerability {unknown}
Potions
 b - 2 potions of resistance
 g - 2 potions of mutation {!q}
 h - 3 potions of flight
 u - 2 potions of haste {@q3, !q}
 w - 2 potions of invisibility
 D - 4 potions of heal wounds {@q2, !q}
 K - a potion of agility
 L - 3 potions of lignification
 P - 8 potions of curing {@q1}
 S - a potion of ambrosia
 U - 2 potions of might
 V - 6 potions of berserk rage
 Z - a potion of cancellation
Miscellaneous
 k - a phantom mirror
 l - a phial of floods
 E - a box of beasts
Comestibles
 e - 41 rations


   Skills:
 + Level 13.5 Fighting
 * Level 17.1 Axes
   Level 2.6 Slings
 - Level 12.0 Armour
 + Level 12.4 Dodging
 - Level 1.7 Stealth
 + Level 13.3 Invocations


You had 16 spell levels left.
You didn't know any spells.

Dungeon Overview and Level Annotations

Branches:
Dungeon (15/15)            Temple (0/1) D:6            Lair (6/6) D:9
  Swamp (0/4) Lair:4        Snake (4/4) Lair:2        Slime (0/5) Lair:5
    Orc (2/2) D:11            Elf (0/3) Orc:2        Vaults (0/5) D:13
 Depths (0/5) D:15

Altars:
Cheibriados
Elyvilon
Fedhas
Gozag
Hepliaklqana
Makhleb
Nemelex Xobeh
Okawaru
Ru
Trog
Uskayaw
Vehumet
Xom
The Shining One

Shops:
Orc:2 (:*[   Snake:3 *%[:?

Portals:
Trove: D:13 (give 7 potions of haste)

Annotations:
Snake:1 exclusion: Roxanne, Roxanne
Snake:3 Vashnia


Innate Abilities, Weirdness & Mutations

You have sharp toenails.
You are mostly covered in molten scales. (AC +3)
Your flesh is cold resistant. (rC+)
A meltable icy envelope protects you from harm. (AC +0)
You resist negative energy. (rN+)
You are partially covered in sharp spines.
You are immune to freezing clouds.
Your life essence is reduced to manifest your ancestor. (-10% HP)


Message History

You kill the naga!
The naga ritualist hits you with a scimitar of venom.
You are poisoned.
The naga warrior blocks Teicuih's attack.
The naga sharpshooter shoots an arrow.
The arrow hits you but does no damage.
The naga warrior is struck by your spines.
The naga warrior hits you with a short sword!
* * * LOW HITPOINT WARNING * * *
You take 15 damage, and have 50/123 hp.
You closely miss the naga ritualist.
The naga ritualist is moderately wounded.
The naga warrior blocks your attack.
You slice the naga sharpshooter!! You freeze the naga sharpshooter.
You kill the naga sharpshooter!
You feel sick. The naga ritualist spits poison at you.
The splash of poison misses you.
The splash of poison misses the naga warrior.
Teicuih hits the naga warrior with a quarterstaff!!
The naga warrior barely misses you.
You take 1 damage, and have 49/123 hp.
You slice the naga ritualist!! You freeze the naga ritualist!
The naga ritualist is almost dead.
The naga warrior blocks your attack.
You slash the shock serpent! You freeze the shock serpent.
The shock serpent's electric aura discharges, shocking you!
* * * LOW HITPOINT WARNING * * *
You feel sick. You block the shock serpent's attack.
The naga ritualist gestures wildly while chanting.
The naga ritualist begins to radiate toxic energy.
Teicuih barely misses the naga warrior.
The naga warrior spits poison at you. The splash of poison hits you!
You resist.
The shock serpent is struck by your spines.
The shock serpent completely misses you.
The shock serpent's electric aura discharges, shocking you!
* * * LOW HITPOINT WARNING * * *
The guardian serpent coils itself and waves its upper body at you.
The bolt of poison hits the naga warrior.
The bolt of poison misses you.
The naga ritualist gestures at you while chanting.
You resist with almost no effort.
You take 14 damage, and have 35/123 hp.
You slash the naga ritualist! You freeze the naga ritualist.
You kill the naga ritualist!
You slash the shock serpent! You freeze the shock serpent.
The shock serpent's electric aura discharges, shocking you!
* * * LOW HITPOINT WARNING * * *
The naga warrior blocks your attack.
You feel sick. The shock serpent bites you.
* * * LOW HITPOINT WARNING * * *
The shock serpent shocks you. You resist.
* * * LOW HITPOINT WARNING * * *
Teicuih points at the naga warrior and mumbles some strange words.
The bolt of magma hits the naga warrior.
The bolt of magma hits the guardian serpent.
The naga warrior hits Teicuih with a short sword!!
The shock serpent shoots out a bolt of lightning at you!
The bolt of electricity hits you! You resist.
* * * LOW HITPOINT WARNING * * *
You take 16 damage, and have 19/123 hp.
Really read
T - 10 scrolls of teleportation {!r, @r3}?
As you read the scroll of teleportation {!r, @r3}, it crumbles to dust.
You feel strangely unstable.
The guardian serpent weaves intricate patterns with the tip of its tongue.
The nagaraja blinks!
The nagaraja spits poison at you. The splash of poison misses you.
The naga warrior blocks the splash of poison.
The naga warrior blocks Teicuih's attack.
The naga warrior barely misses Teicuih.
The shock serpent is struck by your spines.
The shock serpent barely misses you.
The shock serpent's electric aura discharges, shocking you!
Really quaff
D - 5 potions of heal wounds {@q2, !q}?
You feel much better.
You feel sick. The nagaraja hits you with a spear!
* * * LOW HITPOINT WARNING * * *
The shock serpent barely misses you.
Teicuih gestures at the naga warrior while chanting.
The bolt of magma hits the naga warrior.
The naga warrior dies!
The nagaraja hits you but does no damage.
The shock serpent bites you.
* * * LOW HITPOINT WARNING * * *
The shock serpent shocks you. You resist.
* * * LOW HITPOINT WARNING * * *
Unknown command.
You feel sick.
The nagaraja gestures at you while chanting.
The poison arrow hits you!
You are more poisoned.
Teicuih completely misses the shock serpent.
The shock serpent bites Teicuih but does no damage.
The guardian serpent closely misses Teicuih.
Things that are here:
a battleaxe; a robe You take 1 damage, and have 19/123 hp.
You feel sick.
The nagaraja hits you from afar with a spear!!
You die... ........ ........ )....... )....... ██...... ..... .... █████ ... ██(..██ ... ████...@.██ .. .██....███)N█ ... ██....██ █R(█

██....
█...███ █SS≈█
......██...██
█≈.≈§█
......█.█)█.█
≈≈≈.≈≈§


████ ██...██≈≈≈≈..... █. .████.█.█≈≈≈...≈≈≈≈. .███.██....██≈≈.≈≈≈≈≈≈.█ You could
see the friendly Teicuih the battlemage, a nagaraja, a shock serpent and a
guardian serpent.

Vanquished Creatures
  Nikola (Snake:1)
  3 nagarajas
  A stone giant (Orc:2)
  The ghost of Fusha the Spear-Bearer, a journeyman DrAE of Sif Muna (Lair:6)
  A minotaur (Lab)
  2 ettins (Orc:2)
  9 naga warriors
  4 hydras
  Erica (D:10)
  A merfolk avatar (Lair:6)
  A catoblepas (D:15)
  5 centaur warriors
  A dancing weapon (D:13)
  4 two-headed ogres
  6 anacondas
  An orc high priest (Orc:1)
  4 naga sharpshooters
  3 shock serpents
  A sun demon (Volcano)
  3 skeletal warriors (D:15)
  3 unseen horrors
  12 sea snakes
  2 salamander mystics (Snake:3)
  A glowing orange brain (D:15)
  A phantasmal warrior (D:15)
  5 naga ritualists
  6 mana vipers
  An orc sorcerer (Orc:2)
  13 ugly things
  4 manticores
  9 cyclopes
  3 elephants (Lair:6)
  4 salamanders (Snake:3)
  5 guardian serpents (Snake:4)
  24 black mambas
  11 naga magi
  A gargoyle (Lab)
  A kobold demonologist (D:13)
  6 spiny frogs
  4 rime drakes
  5 komodo dragons
  A red devil (Volcano)
  3 polar bears (Lair:6)
  2 hornets
  4 trolls
  A minotaur skeleton (Lab)
  7 blink frogs
  A hippogriff (shapeshifter) (D:15)
  8 hippogriffs
  4 slime creatures
  Prince Ribbit (D:5)
  5 redbacks (Lab)
  A vampire (D:13)
  A shadow (D:15)
  3 wyverns
  A spriggan (D:7)
  25 yaks
  3 wraiths
  4 basilisks
  4 vampire mosquitoes
  5 swamp worms
  A warg (Orc:2)
  3 acid dragons
  A soldier ant (D:15)
  A hell hound (Volcano)
  30 nagas
  7 water moccasins
  11 porcupines
  5 sky beasts
  14 orc warriors
  A necrophage (D:10)
  A phantom (D:8)
  A black bear (D:4)
  8 ogres
  4 ice beasts
  2 eyes of draining (D:10)
  4 centaurs
  8 wolves
  6 crocodiles
  12 bullfrogs
  An earth elemental (Lab)
  A wyvern zombie (D:10)
  6 killer bees (D:6)
  7 wights
  3 electric eels
  6 jellies
  4 crimson imps
  3 bullfrog zombies
  5 orc priests
  8 orc wizards
  5 hounds
  A centaur skeleton (D:5)
  2 iguanas
  7 worker ants
  2 ogre skeletons (Lab)
  A hound skeleton (D:8)
  Robin (D:2)
  7 gnolls
  2 howler monkey skeletons
  9 adders
  6 shadow imps
  An ooze (D:5)
  An adder skeleton (D:3)
  An adder zombie (D:6)
  2 worms (Lair:5)
  4 dart slugs
  5 leopard geckos
  64 orcs
  A ball python (D:2)
  6 bats
  3 giant cockroaches
  17 goblins
  8 hobgoblins
  6 jackals
  3 frilled lizards
  7 kobolds
  A leopard gecko skeleton (D:5)
  A leopard gecko zombie (D:5)
  8 rats
  A fungus (Orc:2)
605 creatures vanquished.

Vanquished Creatures (collateral kills)
  Jorgrun (Snake:4)
  A nagaraja (Snake:4)
  Aizul (Snake:1)
  Snorg (D:14)
  A fire dragon (D:15)
  An ettin (Orc:2)
  3 naga warriors (Snake:4)
  3 hydras
  3 anacondas
  A death knight (D:15)
  A dancing weapon (D:13)
  5 two-headed ogres
  3 shock serpents
  3 naga sharpshooters
  A skeletal warrior (D:15)
  A sea snake (Lair:6)
  2 naga ritualists
  2 mana vipers
  A phantasmal warrior (D:15)
  A harpy (Lair:6)
  3 orc sorcerers
  3 ugly things
  3 cyclopes
  4 salamanders
  2 elephants (Lair:6)
  11 black mambas
  A black mamba (shapeshifter) (D:15)
  5 naga magi
  A gargoyle (Lab)
  5 spiny frogs
  4 komodo dragons
  A rime drake (shapeshifter) (D:15)
  A red devil (Volcano)
  2 trolls
  2 hornets (Lair:6)
  A polar bear (Lair:6)
  4 blink frogs
  5 slime creatures
  A wraith (D:12)
  A redback (D:13)
  A wyvern (Lair:6)
  16 yaks
  A basilisk (Lair:4)
  A vampire mosquito (D:12)
  A warg (Orc:1)
  18 nagas
  A swamp worm (Lair:4)
  A water moccasin (shapeshifter) (D:15)
  A soldier ant (shapeshifter) (D:15)
  6 water moccasins
  3 porcupines
  2 ice beasts
  2 eyes of draining (D:13)
  An ogre (D:6)
  3 wolves
  6 centaurs
  3 crocodiles
  2 bullfrogs
  2 wights (D:6)
  A jelly (D:8)
  2 orc priests
  2 hounds
  2 orc wizards
  A bullfrog skeleton (D:7)
  An iguana (D:10)
  A worker ant (D:14)
  A leopard gecko (D:7)
  13 orcs
  2 plants (Lair:6)
193 creatures vanquished.

Vanquished Creatures (others)
  20 battlemagi
  An orc (Orc:1)
  7 fungi
  12 plants
40 creatures vanquished.

Grand Total: 838 creatures vanquished

Notes
Turn   | Place    | Note
-------+----------+-------------------------------------------
     0 | D:1      | Goblin1989 the Demonspawn Monk began the quest for the Orb.
     0 | D:1      | Reached XP level 1. HP: 18/18 MP: 1/1
   128 | D:1      | Reached skill level 3 in Axes
   233 | D:1      | Gained mutation: You are partially covered in sharp spines. [demonic ancestry]
   233 | D:1      | Reached XP level 2. HP: 22/24 MP: 2/2
   864 | D:2      | Noticed Robin
   894 | D:2      | Gained mutation: Your flesh is cold resistant. (rC+) [demonic ancestry]
   894 | D:2      | Reached XP level 3. HP: 24/29 MP: 3/3
  1100 | D:2      | Reached skill level 4 in Axes
  1119 | D:2      | Killed Robin
  1371 | D:3      | Reached XP level 4. HP: 24/35 MP: 4/4
  1392 | D:3      | Reached skill level 5 in Axes
  1818 | D:3      | Gained mutation: You are immune to freezing clouds. [demonic ancestry]
  1818 | D:3      | Reached XP level 5. HP: 38/41 MP: 5/5
  2332 | D:3      | Found a burning altar of Makhleb.
  2333 | D:3      | Found a glowing golden altar of the Shining One.
  2376 | D:4      | Noticed an ogre
  2498 | D:4      | Reached skill level 1 in Armour
  2647 | D:4      | Found a white marble altar of Elyvilon.
  2898 | D:4      | Got a steaming trident
  2899 | D:4      | Identified the +9 trident "Efus Xeo" {drain, *Drain Str+4 SInv Stlth+} (You found it on level 4 of the Dungeon)
  3083 | D:4      | Noticed a black bear
  3171 | D:5      | Entered Level 5 of the Dungeon
  3206 | D:5      | Reached XP level 6. HP: 47/47 MP: 6/6
  3440 | D:5      | Found an iron altar of Okawaru.
  3442 | D:5      | Found a hide-covered altar of Uskayaw.
  3445 | D:5      | Found a radiant altar of Vehumet.
  3456 | D:5      | Found a hazy altar of Hepliaklqana.
  3463 | D:5      | Found a shimmering altar of Xom.
  3469 | D:5      | Found a bloodstained altar of Trog.
  3474 | D:5      | Found a snail-covered altar of Cheibriados.
  3486 | D:5      | Became a worshipper of Hepliaklqana the Forgotten
  3486 | D:5      | Reached * piety under Hepliaklqana
  3486 | D:5      | Reached ** piety under Hepliaklqana
  3528 | D:5      | Remembered your ancestor Teicuih as a battlemage
  3639 | D:5      | Noticed Prince Ribbit
  3642 | D:5      | Killed Prince Ribbit
  3642 | D:5      | Reached skill level 6 in Axes
  3642 | D:5      | Gained mutation: You are partially covered in molten scales. (AC +2) [demonic ancestry]
  3642 | D:5      | Reached XP level 7. HP: 42/47 MP: 7/7
  3777 | D:5      | Identified Epluorgh's Introduction to Spellcraft
  4028 | D:6      | Reached skill level 7 in Axes
  4028 | D:6      | Reached XP level 8. HP: 53/54 MP: 8/8
  4094 | D:6      | Found a staircase to the Ecumenical Temple.
  4446 | D:6      | Reached skill level 5 in Fighting
  4450 | D:6      | Found a sparkling altar of Nemelex Xobeh.
  4468 | D:6      | Found an opulent altar of Gozag.
  4773 | D:4      | Reached skill level 8 in Axes
  4773 | D:4      | Reached skill level 5 in Dodging
  5036 | D:7      | Gained mutation: You have sharp toenails. [demonic ancestry]
  5036 | D:7      | Reached XP level 9. HP: 61/61 MP: 9/9
  5232 | D:7      | Got a smoking gossamer ring
  5233 | D:7      | Identified the ring "Narecsy" {rElec rPois MR+ Str+2} (You found it on level 7 of the Dungeon)
  5234 | D:7      | Goblin1989: WOOOOW!!!!!!
  5512 | D:7      | Reached *** piety under Hepliaklqana
  5773 | D:8      | Noticed a two-headed ogre
  5778 | D:8      | Killed a two-headed ogre
  5778 | D:8      | Reached skill level 9 in Axes
  5778 | D:8      | Reached skill level 5 in Armour
  6007 | D:8      | Gained mutation: You are mostly covered in molten scales. (AC +3) [demonic ancestry]
  6007 | D:8      | Reached XP level 10. HP: 69/69 MP: 10/10
  6024 | D:8      | Noticed a manticore
  6033 | D:8      | Killed a manticore
  6171 | D:8      | Noticed a two-headed ogre
  6175 | D:8      | Killed a two-headed ogre
  6175 | D:8      | Reached skill level 10 in Axes
  6899 | D:9      | Reached **** piety under Hepliaklqana
  6947 | D:9      | Found a staircase to the Lair.
  7075 | D:9      | Noticed a brown ugly thing
  7080 | D:9      | Killed a brown ugly thing
  7320 | D:9      | You fall through a shaft for 3 floors!
  7320 | D:12     | Noticed a two-headed ogre
  7327 | D:12     | Killed a two-headed ogre
  7327 | D:12     | Reached XP level 11. HP: 76/77 MP: 8/11
  7335 | D:12     | Noticed an unseen horror
  7341 | D:12     | Killed an unseen horror
  7350 | D:12     | Reached skill level 11 in Axes
  7467 | D:10     | Entered Level 10 of the Dungeon
  7487 | D:10     | Noticed a two-headed ogre
  7499 | D:10     | Killed a two-headed ogre
  7593 | D:10     | Noticed Erica
  7601 | D:10     | Killed Erica
  7606 | D:10     | Got a polished chain mail
  7627 | D:9      | Identified the +7 chain mail of Understanding {+Inv rElec SInv} (You found it on level 10 of the Dungeon)
  7762 | Lair:1   | Entered Level 1 of the Lair of Beasts
  7814 | Lair:1   | Found a labyrinth entrance.
  7827 | Lab      | Entered a labyrinth
  7896 | Lab      | Found an exit through the horrors of the Abyss.
  8828 | Lab      | Noticed a minotaur
  8837 | Lab      | Killed a minotaur
  9083 | Lair:1   | Reached skill level 12 in Axes
  9177 | Lair:1   | Got a steaming quarterstaff
  9178 | Lair:1   | Identified the +6 quarterstaff "Ytzov" {freeze, rElec rN+} (You found it on level 1 of the Lair of Beasts)
  9489 | Lair:1   | Reached XP level 12. HP: 85/85 MP: 12/12
  9507 | Lair:1   | Noticed a six-headed hydra
  9540 | Lair:2   | Reached skill level 1 in Invocations
  9696 | Lair:2   | Reached ***** piety under Hepliaklqana
  9964 | Lair:2   | Found a staircase to the Snake Pit.
 10569 | Lair:1   | Killed a six-headed hydra
 10959 | Lair:3   | Noticed a four-headed hydra
 10965 | Lair:3   | Killed a four-headed hydra
 11352 | Lair:3   | Noticed a seven-headed hydra
 11374 | Lair:3   | Killed a seven-headed hydra
 11439 | Lair:3   | Reached skill level 5 in Invocations
 11469 | Lair:3   | Reached skill level 10 in Fighting
 11765 | Lair:3   | Reached skill level 13 in Axes
 12063 | Lair:4   | Noticed an eight-headed hydra
 12076 | Lair:4   | Killed an eight-headed hydra
 12230 | Lair:4   | Found a staircase to the Swamp.
 12234 | Lair:4   | Gained mutation: You resist negative energy. (rN+) [demonic ancestry]
 12234 | Lair:4   | Reached XP level 13. HP: 84/92 MP: 17/17
 12945 | Lair:5   | Got a shimmering ring mail
 12956 | Lair:5   | Identified the +1 ring mail of Kagiav {rC+} (You found it on level 5 of the Lair of Beasts)
 12997 | Lair:5   | Found a staircase to the Slime Pits.
 13993 | Lair:6   | Entered Level 6 of the Lair of Beasts
 14941 | Lair:6   | Paralysed by a hornet for 1 turns
 14995 | Lair:6   | Got a clouded marble ring
 15009 | Lair:6   | Identified the ring "Xenujouza" {Wiz rC+++ Str-4} (You found it on level 6 of the Lair of Beasts)
 15034 | Lair:6   | Noticed Fusha's ghost (journeyman DrAE)
 15235 | Lair:6   | Reached skill level 14 in Axes
 15291 | Lair:6   | Reached skill level 10 in Dodging
 15366 | Lair:6   | Killed Fusha's ghost
 15637 | D:10     | Found an iron altar of Okawaru.
 16059 | D:11     | Found a sacrificial altar of Ru.
 16190 | D:11     | Gained mutation: A meltable icy envelope protects you from harm. (AC +0) [demonic ancestry]
 16190 | D:11     | Reached XP level 14. HP: 101/101 MP: 20/20
 16560 | D:11     | Found a staircase to the Orcish Mines.
 17139 | Orc:1    | Entered Level 1 of the Orcish Mines
 17184 | Orc:1    | Found a dark tunnel.
 17209 | Volcano  | Entered a volcano
 18000 | Orc:1    | Reached skill level 10 in Armour
 18063 | Orc:2    | Entered Level 2 of the Orcish Mines
 18063 | Orc:2    | Found Uthriepa's Antique Armour Shoppe.
 18063 | Orc:2    | Noticed a stone giant
 18234 | Orc:2    | Found Alofreto's General Store.
 18330 | Orc:2    | Found Wutuiser's Book Shoppe.
 18422 | Orc:2    | Found a staircase to the Elven Halls.
 18433 | Orc:2    | Found Zioteumm's Antique Weapon Emporium.
 19070 | Orc:2    | Bought a blackened hunting sling for 156 gold pieces
 19107 | Orc:2    | Killed a stone giant
 19615 | D:12     | Got an ominously black robe
 20083 | D:13     | Found a glowing golden altar of the Shining One.
 20667 | D:13     | Identified the +10 hunting sling "Banisher" {freeze, +Inv Int+3} (You bought it in a shop on level 2 of the Orcish Mines)
 20715 | D:13     | Reached skill level 15 in Axes
 20914 | D:13     | Reached skill level 10 in Invocations
 21153 | D:13     | Found a portal to a secret trove of treasure.
 21190 | D:13     | Found a gate to the Vaults.
 21245 | D:14     | Noticed Snorg
 21254 | D:14     | Killed Snorg
 21433 | D:14     | Reached XP level 15. HP: 108/108 MP: 22/22
 22254 | D:15     | Entered Level 15 of the Dungeon
 22254 | D:15     | Found a blossoming altar of Fedhas.
 23258 | D:15     | Found a staircase to the Depths.
 25102 | Snake:1  | Entered Level 1 of the Snake Pit
 25733 | Snake:1  | Reached skill level 1 in Slings
 26249 | Snake:1  | Noticed Aizul
 26258 | Snake:1  | Killed Aizul
 26417 | Snake:1  | Noticed Nikola
 26443 | Snake:1  | Killed Nikola
 26684 | Snake:1  | Noticed Roxanne
 27058 | Snake:2  | Identified a scroll of acquirement
 27062 | Snake:2  | Got a smoking executioner's axe
 27063 | Snake:2  | Identified the +7 executioner's axe of Tender Mercy {freeze, +Inv Int+3} (You acquired it on level 2 of the Snake Pit)
 27128 | Snake:2  | Reached skill level 16 in Axes
 27242 | Snake:2  | Reached XP level 16. HP: 116/116 MP: 24/24
 28161 | Snake:3  | Found Syolojig's Magic Scroll Emporium.
 28169 | Snake:3  | Bought a scroll of acquirement for 728 gold pieces
 28169 | Snake:3  | Bought a scroll of silence for 105 gold pieces
 28169 | Snake:3  | Bought a scroll of identify for 28 gold pieces
 28169 | Snake:3  | Bought a scroll of identify for 28 gold pieces
 28905 | Snake:3  | Found Ewohef's Antique Armour Emporium.
 28905 | Snake:3  | Found Kyadeowk's Food Shoppe.
 28906 | Snake:3  | Found Wotebuf's Book Emporium.
 28910 | Snake:3  | Found Qiroshras's General Store.
 29543 | Snake:3  | Noticed Vashnia
 29702 | Snake:4  | Entered Level 4 of the Snake Pit
 30467 | Snake:4  | Noticed Jorgrun
 30471 | Snake:4  | Killed Jorgrun
 30893 | Snake:4  | Reached XP level 17. HP: 111/123 MP: 26/26
 30902 | Snake:4  | Reached skill level 17 in Axes
 31453 | Snake:4  | Slain by a nagaraja

Skill      XL: |  1  2  3  4  5  6  7  8  9 10 11 12 13 14 15 16 17 |
---------------+----------------------------------------------------+-----
Axes           | 3 4 5 6 7 8 9 10 12 13 14 15 16 17 | 17.1
Armour         | 1 2 3 4 5 6 7 8 9 10 11 12 | 12.0
Dodging        | 3 4 5 6 7 8 9 10 11 12 | 12.4
Fighting       | 4 5 6 8 9 10 11 12 13 | 13.5
Invocations    | 5 8 10 11 13 | 13.3
Slings         | 2 |  2.6
Stealth        | |  1.7

Action                   |  1- 3 |  4- 6 |  7- 9 | 10-12 | 13-15 | 16-18 || total
-------------------------+-------+-------+-------+-------+-------+-------++-------
Melee: Hand axe          |    93 |    31 |       |       |       |       ||   124
       War axe           |       |    44 |       |       |       |       ||    44
       Trident           |       |    33 |   159 |   390 |  1114 |       ||  1696
       Kick              |       |       |    16 |   112 |       |       ||   128
       Executioner's axe |       |       |       |       |    11 |   307 ||   318
Throw: Javelin           |       |     3 |       |       |       |       ||     3
Invok: Ancestor Life: Ba |       |     1 |       |       |       |       ||     1
       Recall Ancestor   |       |       |       |     2 |       |       ||     2
       Idealise          |       |       |       |     3 |    10 |     2 ||    15
Evoke: Wand              |       |       |       |       |     2 |       ||     2
  Use: Scroll            |       |       |       |    17 |    15 |     4 ||    36
       Potion            |       |       |       |       |       |     1 ||     1
 Stab: Sleeping          |     3 |     3 |     2 |       |       |       ||     8
       Distracted        |       |     1 |       |     2 |    23 |     7 ||    33
  Eat: Chunk             |     1 |     8 |     7 |    10 |    31 |     5 ||    62
       Ration            |       |       |       |     3 |     5 |     3 ||    11
Armor: Robe              |     8 |     2 |       |       |       |       ||    10
       Ring mail         |       |    21 |     1 |       |       |       ||    22
       Plate armour      |       |       |    65 |    60 |       |       ||   125
       Chain mail        |       |       |       |    93 |   377 |   205 ||   675
Dodge: Dodged            |    49 |    82 |    38 |   126 |   403 |   200 ||   898
Block: Other             |       |       |       |       |   126 |    63 ||   189
       Reflection        |       |       |       |       |    12 |     8 ||    20

Vault maps used:
D:1:      ncdulo_smallfort, minivault_26
D:2:      minmay_pentomino_u2, uniq_robin
D:3:      minitemple
D:4:      elyvilon_altar_4
D:5:      grunt_temple_overflow_octagram, first_ration, uniq_prince_ribbit1
D:6:      grunt_temple_overflow_opulence, minmay_temple_entry_hall
D:7:      the_bakery
D:9:      lair_entry_dummy, minmay_door_square
D:10:     basic_altar, minivault_10, uniq_erica
D:11:     david_orc_4, kennysheep_path_1, hangedman_ru_absence
D:13:     kennysheep_room_grid, erik_vaults_1, basic_altar,
          nicolae_trove_entry_diagonal
D:14:     minmay_parallelograms, uniq_snorg
D:15:     gammafunk_enter_depths_forms, fedhas_altar_1
Lair:1:   lab_entry_generic
Lair:2:   guppyfry_snake_entry_island, grunt_megastairs_2
Lair:3:   beast_lair_carwin_11
Lair:4:   nicolae_swamp_entry_splash_gauntlet, infiniplex_staircase_pool
Lair:5:   minmay_slime_entry_pillars, worms_lemuel, grunt_megastairs_1
Lair:6:   gammafunk_lair_ancient_temple, serial_forest,
          infiniplex_forest_clump_double, infiniplex_forest_lined_4_way,
          infiniplex_forest_straight_1, infiniplex_forest_clump_medium,
          infiniplex_forest_straight_3, infiniplex_forest_clump_tiny,
          infiniplex_forest_clump_double, infiniplex_forest_corner_1,
          infiniplex_forest_lined_room_2
Snake:1:  grunt_megastairs_3, lemuel_fruit_tree, uniq_aizul, uniq_nikola,
          uniq_roxanne
Snake:2:  serial_bayou_shore_a
Snake:3:  serial_shops, nicolae_shop_crystal, minmay_shoptagon,
          serial_bayou_shore_b, uniq_vashnia
Snake:4:  grunt_snake_rune_pools, hangedman_snake_corridor_split, uniq_jorgrun
Orc:1:    nicolae_volcano_entry_hallway
Orc:2:    grunt_orc_gardens, grunt_orc_garden, grunt_orc_garden,
          grunt_orc_garden, grunt_orc_garden, nicolae_orc_pool_cavern
Lab:      nicolae_lab_blocks, nicolae_lab_grate, labyrinth_glass_1,
          nicolae_lab_checkerboard, nicolae_lab_quarters, nicolae_lab_t_cross,
          nicolae_lab_do_over, labyrinth_fake_exit, nicolae_lab_statue,
          nicolae_lab_very_dead_end, nicolae_lab_x, nicolae_lab_starburst,
          labyrinth_skeletal_remains
Volcano:  volcano_pools
